Condors vs Admirals

Created - November 12, 2025 at 19:36

Goals
1 2 3 T
Condors 2 0 1 3
Admirals 3 2 1 6
Shots
1 2 3 T
Condors 19 3 6 28
Admirals 10 14 10 34

1st period

1. Condors , Martin Frk 4 (Gustav Olofsson 2, Klim Kostin 2) at 2:53
2. Condors , Klim Kostin 2 (Martin Frk 5, Nick Shore 4) at 6:41
3. Admirals , Lucas Wallmark 2 (Carl Dahlstrom 2) at 13:32
4. Admirals , Lucas Wallmark 3 (Joel Armia 3, Hunter Shinkaruk 2) at 14:15 (PP)
5. Admirals , Lucas Wallmark 4 (Hunter Shinkaruk 3, Joel Armia 4) at 18:56 (PP)

Penalties :
Alexander Alexeyev (Bak) for Slashing (Minor) at 14:06, Taro Hirose (Bak) for Roughing (Minor) at 17:00, Nick Shore (Bak) for Cross-checking (Minor) at 18:59

2nd period

6. Admirals , Pavol Regenda 2 (Ian Mitchell 1) at 2:28
7. Admirals , Reilly Walsh 1 (Hunter Shinkaruk 4, Olli Juolevi 4) at 3:22 (PP)

Penalties :
Dylan Holloway (Bak) for Roughing (Minor) at 3:15, Taro Hirose (Bak) for Hooking (Minor) at 5:06, Filip Chlapik (Mil) for Holding (Minor) at 13:36, Filip Chlapik (Mil) for Tripping (Minor) at 17:58

3rd period

8. Admirals , Kasper Bjorkqvist 1 (Olli Juolevi 5, Reilly Walsh 2) at 15:06
9. Condors , Alexander Alexeyev 1 (Evan Bouchard 4, Klim Kostin 3) at 16:04

Penalties :
Ian Mitchell (Mil) for Goalie Interference (Minor) at 0:46

Goalie Stats

Jaxson Stauber (Bak), 18 saves from 20 shots - (0.900), 37:32 minutes
Stuart Skinner (Bak), 10 saves from 14 shots - (0.714), L, 1-3-0, 22:28 minutes
Zachary Emond (Mil), 25 saves from 28 shots - (0.893), W, 1-0-0, 60:00 minutes

Players Stats for Condors

Player Name              G  A  P  +/- PIM S  H  SB GA TA FO     MP     PP MP  PK MP  
------------------------------------------------------------------------------------
                         0  0  0   0  0   0  0  0  0  0  0/0     0:00   0:00   0:00 
                         0  0  0   0  0   0  0  0  0  0  0/0     0:00   0:00   0:00 
                         0  0  0   0  0   0  0  0  0  0  0/0     0:00   0:00   0:00 
                         0  0  0   0  0   0  0  0  0  0  0/0     0:00   0:00   0:00 
                         0  0  0   0  0   0  0  0  0  0  0/0     0:00   0:00   0:00 
                         0  0  0   0  0   0  0  0  0  0  0/0     0:00   0:00   0:00 
                         0  0  0   0  0   0  0  0  0  0  0/0     0:00   0:00   0:00 
Alexander Alexeyev       1  0  1  -1  2   2  1  3  0  1  0/0    27:55   3:31   4:09 
Cody Glass               0  0  0  -2  0   1  1  0  2  0  0/0    16:10   2:45   0:00 
Colin White              0  0  0   0  0   0  1  1  0  0  2/5    11:05   0:00   0:08 
Connor Hurley            0  0  0   0  0   0  0  0  0  0  2/4     6:42   0:00   0:00 
Connor McMichael         0  0  0  -1  0   0  0  0  0  0  1/1     5:05   0:00   0:05 
Dylan Holloway           0  0  0   0  2   1  0  1  0  0  1/1    14:11   0:00   2:03 
Evan Bouchard            0  1  1  -1  0   1  2  0  2  0  0/0    28:05   3:31   4:18 
Gustav Olofsson          0  1  1   1  0   4  2  3  0  0  0/0    20:41   2:26   2:01 
Jordan Spence            0  0  0   0  0   0  0  0  0  0  0/0    11:23   0:00   0:00 
Klim Kostin              1  2  3   2  0   4  2  0  1  1  0/0    24:07   3:12   4:02 
Martin Frk               1  1  2   2  0   4  0  0  1  0  1/3    19:56   3:12   0:00 
Michael Anderson         0  0  0   1  0   2  1  0  1  0  0/0    20:32   2:26   1:52 
Nick Shore               0  1  1   2  2   3  2  2  1  1  16/35  22:29   3:12   2:31 
Nikolai Knyzhov          0  0  0   0  0   0  0  0  0  0  0/0    11:23   0:00   0:00 
Pontus Holmberg          0  0  0   0  0   1  1  0  0  0  0/0    12:36   0:00   0:00 
Ryan McLeod              0  0  0  -2  0   2  3  1  0  1  3/7    18:37   2:45   2:25 
Taro Hirose              0  0  0  -1  4   2  2  0  1  0  2/3    15:32   2:45   1:06 
Tyson Foerster           0  0  0   0  0   1  0  0  0  0  0/0     7:16   0:00   0:00 

Players Stats for Admirals

Player Name              G  A  P  +/- PIM S  H  SB GA TA FO     MP     PP MP  PK MP  
------------------------------------------------------------------------------------
Bokondji Imama           0  0  0   0  0   0  0  0  0  0  0/0     3:55   0:44   1:00 
Carl Dahlstrom           0  1  1   2  0   1  0  0  0  0  0/0    20:04   2:42   2:42 
Carsen Twarynski         0  0  0   0  0   0  0  0  0  0  0/0     5:16   0:00   0:00 
Filip Chlapik            0  0  0   0  4   1  0  0  0  0  1/5    12:02   0:00   0:00 
Gage Goncalves           0  0  0   0  0   0  0  0  0  0  0/0     5:16   0:00   0:00 
Grant Hutton             0  0  0  -1  0   0  0  0  0  0  0/0     3:52   0:00   0:00 
Hunter Shinkaruk         0  3  3   0  0   2  0  1  0  0  4/5    22:10   3:15   3:04 
Ian Mitchell             0  1  1   2  2   2  1  0  0  1  0/0    19:49   2:42   1:53 
Jack Quinn               0  0  0   0  0   3  0  1  0  0  1/1    11:56   0:00   0:00 
Joel Armia               0  2  2   0  0   5  0  0  0  0  3/3    25:32   3:15   3:00 
Josh Norris              0  0  0   0  0   2  4  1  1  0  7/14   18:01   2:55   0:18 
Josh Wesley              0  0  0   0  0   0  0  0  0  0  0/0     9:40   0:00   0:00 
Kasper Bjorkqvist        1  0  1   0  0   2  4  2  1  0  0/0    18:40   2:55   1:30 
Libor Hajek              0  0  0   0  0   0  0  0  0  0  0/0     0:10   0:00   0:10 
Lucas Wallmark           3  0  3   0  0   3  1  1  0  1  15/31  20:32   3:15   1:30 
Mark Kastelic            0  0  0   0  0   0  0  0  0  0  0/0     1:38   0:00   1:32 
Matt Kessel              0  0  0   0  0   0  0  0  0  0  0/0     0:10   0:00   0:10 
Milos Kelemen            0  0  0   0  0   2  2  0  0  0  0/0    16:24   2:11   0:00 
Nolan Vesey              0  0  0   0  0   0  0  0  0  0  0/0     0:08   0:00   0:00 
Olli Juolevi             0  2  2  -1  0   3  2  1  1  5  0/0    26:14   3:28   3:05 
Pavol Regenda            1  0  1   0  0   5  1  0  0  0  0/0    11:56   0:00   0:00 
Reilly Walsh             1  1  2  -1  0   2  1  1  1  1  0/0    26:14   3:28   3:05 
Sean Durzi               0  0  0   0  0   1  1  0  0  1  0/0     9:40   0:00   0:00 
Sergei Zborovskiy        0  0  0   0  0   0  0  0  0  0  0/0     0:49   0:00   0:49 
Tobias Bjornfot          0  0  0  -1  0   0  0  2  0  0  0/0     3:52   0:00   0:00 

3 Stars

1 - Lucas Wallmark (Mil)
2 - Klim Kostin (Bak)
3 - Kasper Bjorkqvist (Mil)

Power Play

Condors - 0 on 3 Attempt(s) - 0.00%
Admirals - 3 on 5 Attempt(s) - 60.00%

Penalty Kill

Condors - 2 on 5 Attempt(s) - 40.00% - Score 0 goal in Penalty Kill
Admirals - 3 on 3 Attempt(s) - 100.00% - Score 0 goal in Penalty Kill

Team Stat

Condors - Hits : 18 - Faceoff Wins : 28 - Blocked Shots : 11 - Penalty Minutes : 10
Admirals - Hits : 17 - Faceoff Wins : 31 - Blocked Shots : 10 - Penalty Minutes : 6

Official

Referees : Eric Furlatt and Jacob Brenk
Linesman : Brian Mach and Matt MacPherson

Game Notes

Nolan Vesey is injured at 0:27 of 1st period (Upper Body)
Connor McMichael is injured at 18:48 of 1st period (Right Knee)
Lucas Wallmark has scored a Hat Trick!
Jaxson Stauber enters game at 2:28 of 2nd period

Finance

Level 1 -- Attendance: 1694 (84.70%) -- Ticket Income $118,580
Level 2 -- Attendance: 959 (95.90%) -- Ticket Income $38,360
Total Attendance: 2653 (88.43%)
Total Ticket Income: $156,940
Other Income: $7,847
Total Income: $164,787

Condors

5 vs 5 Forward 
   Center                   Left Wing                Right Wing               Time % Phy DF OF 
 1 Nick Shore               Klim Kostin              Martin Frk               40     1   2  2  
 2 Ryan McLeod              Connor McMichael         Cody Glass               30     1   2  2  
 3 Colin White              Dylan Holloway           Pontus Holmberg          20     1   2  2  
 4 Connor Hurley            Taro Hirose              Tyson Foerster           10     1   2  2  

5 vs 5 Defense 
   Defense                  Defense                                           Time % Phy DF OF 
 1 Evan Bouchard            Alexander Alexeyev                                40     1   2  2  
 2 Michael Anderson         Gustav Olofsson                                   30     1   2  2  
 3 Jordan Spence            Nikolai Knyzhov                                   20     1   2  2  
 4 Evan Bouchard            Alexander Alexeyev                                10     1   2  2  

PowerPlay Forward 
   Center                   Left Wing                Right Wing               Time % Phy DF OF 
 1 Nick Shore               Klim Kostin              Martin Frk               60     1   2  2  
 2 Ryan McLeod              Taro Hirose              Cody Glass               40     1   2  2  

PowerPlay Defense
   Defense                  Defense                                           Time % Phy DF OF 
 1 Evan Bouchard            Alexander Alexeyev                                60     1   2  2  
 2 Michael Anderson         Gustav Olofsson                                   40     1   2  2  

Penalty Kill 4 Players Forward 
   Center                   Wing                     Time % Phy DF OF 
 1 Nick Shore               Klim Kostin              60     1   2  2  
 2 Ryan McLeod              Taro Hirose              40     1   2  2  

Penalty Kill 4 Players Defense
   Defense                  Defense                  Time % Phy DF OF 
 1 Evan Bouchard            Alexander Alexeyev       60     1   2  2  
 2 Michael Anderson         Gustav Olofsson          40     1   2  2  

Penalty Kill - 3 Players Forward 
   Forward                                           Time % Phy DF OF 
 1 Nick Shore                                        60     1   2  2  
 2 Ryan McLeod                                       40     1   2  2  

Penalty Kill - 3 Players Defense
   Defense                  Defense                  Time % Phy DF OF 
 1 Evan Bouchard            Alexander Alexeyev       60     1   2  2  
 2 Michael Anderson         Gustav Olofsson          40     1   2  2  

4 vs 4 Forward 
   Center                   Wing                     Time % Phy DF OF 
 1 Nick Shore               Klim Kostin              60     1   2  2  
 2 Ryan McLeod              Taro Hirose              40     1   2  2  

4 vs 4 Defense
   Defense                  Defense                  Time % Phy DF OF 
 1 Evan Bouchard            Alexander Alexeyev       60     1   2  2  
 2 Michael Anderson         Gustav Olofsson          40     1   2  2  

Last Minutes Offensive
   Center                   Left Wing                Right Wing               Defense                  Defense                  
   Nick Shore               Klim Kostin              Martin Frk               Evan Bouchard            Alexander Alexeyev       

Last Minutes Defensive
   Center                   Left Wing                Right Wing               Defense                  Defense                  
   Nick Shore               Klim Kostin              Martin Frk               Evan Bouchard            Alexander Alexeyev       

Goaltenders
Starting : Stuart Skinner           
Backup : Jaxson Stauber           

Extra Forwards
Normal : Taro Hirose, Pontus Holmberg, Connor McMichael - PP : Taro Hirose, Pontus Holmberg - PK : Taro Hirose
Extra Defensemen
Normal : Gustav Olofsson, Jordan Spence, Nikolai Knyzhov - PP : Gustav Olofsson - PK : Gustav Olofsson, Jordan Spence
Penalty Shots
Martin Frk, Nick Shore, Klim Kostin, Cody Glass, Taro Hirose
Custom OT Lines Forwards
Martin Frk, Nick Shore, Klim Kostin, Cody Glass, Taro Hirose, Pontus Holmberg, Connor McMichael, Ryan McLeod, Colin White, Connor Hurley
Custom OT Lines Defensemen
Evan Bouchard, Alexander Alexeyev, Michael Anderson, Gustav Olofsson, Jordan Spence

Scratches
Cole Cassels (Healthy), Semyon Der-Arguchintsev (Healthy), Jan Mysak (Healthy), Ronan Seeley (Healthy), Roni Hirvonen (Healthy)
Jeremy Gregoire (Healthy), Roby Jarventie (Healthy), Jordan Subban (Healthy), Robin Salo (Healthy), Filip Kral (Healthy)
Brayden Pachal (Healthy), Remi Elie (Healthy), Filip Johansson (Healthy), Jonny Tychonick (Healthy), Lucas Johansen (Healthy)
Cole Fonstad (Healthy), Jack Perbix (Healthy), Raphael Lavoie (Healthy), Filip Cederqvist (Healthy), Michael Dipietro (Healthy)

Admirals

5 vs 5 Forward 
   Center                   Left Wing                Right Wing               Time % Phy DF OF 
 1 Lucas Wallmark           Hunter Shinkaruk         Joel Armia               40     1   2  2  
 2 Josh Norris              Nolan Vesey              Kasper Bjorkqvist        30     1   2  2  
 3 Filip Chlapik            Pavol Regenda            Jack Quinn               20     1   2  2  
 4 Gage Goncalves           Carsen Twarynski         Joel Armia               10     1   2  2  

5 vs 5 Defense 
   Defense                  Defense                                           Time % Phy DF OF 
 1 Reilly Walsh             Olli Juolevi                                      40     1   2  2  
 2 Ian Mitchell             Carl Dahlstrom                                    30     1   2  2  
 3 Sean Durzi               Josh Wesley                                       20     1   2  2  
 4 Grant Hutton             Tobias Bjornfot                                   10     1   2  2  

PowerPlay Forward 
   Center                   Left Wing                Right Wing               Time % Phy DF OF 
 1 Lucas Wallmark           Hunter Shinkaruk         Joel Armia               60     1   2  2  
 2 Josh Norris              Nolan Vesey              Kasper Bjorkqvist        40     1   2  2  

PowerPlay Defense
   Defense                  Defense                                           Time % Phy DF OF 
 1 Reilly Walsh             Olli Juolevi                                      60     1   2  2  
 2 Ian Mitchell             Carl Dahlstrom                                    40     1   2  2  

Penalty Kill 4 Players Forward 
   Center                   Wing                     Time % Phy DF OF 
 1 Joel Armia               Hunter Shinkaruk         60     1   2  2  
 2 Lucas Wallmark           Kasper Bjorkqvist        40     1   2  2  

Penalty Kill 4 Players Defense
   Defense                  Defense                  Time % Phy DF OF 
 1 Reilly Walsh             Olli Juolevi             60     1   2  2  
 2 Ian Mitchell             Carl Dahlstrom           40     1   2  2  

Penalty Kill - 3 Players Forward 
   Forward                                           Time % Phy DF OF 
 1 Joel Armia                                        60     1   2  2  
 2 Hunter Shinkaruk                                  40     1   2  2  

Penalty Kill - 3 Players Defense
   Defense                  Defense                  Time % Phy DF OF 
 1 Reilly Walsh             Olli Juolevi             60     1   2  2  
 2 Ian Mitchell             Carl Dahlstrom           40     1   2  2  

4 vs 4 Forward 
   Center                   Wing                     Time % Phy DF OF 
 1 Joel Armia               Hunter Shinkaruk         60     1   2  2  
 2 Lucas Wallmark           Kasper Bjorkqvist        40     1   2  2  

4 vs 4 Defense
   Defense                  Defense                  Time % Phy DF OF 
 1 Reilly Walsh             Olli Juolevi             60     1   2  2  
 2 Ian Mitchell             Carl Dahlstrom           40     1   2  2  

Last Minutes Offensive
   Center                   Left Wing                Right Wing               Defense                  Defense                  
   Lucas Wallmark           Hunter Shinkaruk         Joel Armia               Reilly Walsh             Olli Juolevi             

Last Minutes Defensive
   Center                   Left Wing                Right Wing               Defense                  Defense                  
   Lucas Wallmark           Hunter Shinkaruk         Joel Armia               Reilly Walsh             Olli Juolevi             

Goaltenders
Starting : Zachary Emond            
Backup : Tristan Jarry            

Extra Forwards
Normal : Milos Kelemen, Bokondji Imama, Mark Kastelic - PP : Milos Kelemen, Bokondji Imama - PK : Mark Kastelic
Extra Defensemen
Normal : Matt Kessel, Sergei Zborovskiy, Libor Hajek - PP : Matt Kessel - PK : Sergei Zborovskiy, Libor Hajek
Penalty Shots
Joel Armia, Hunter Shinkaruk, Lucas Wallmark, Kasper Bjorkqvist, Nolan Vesey
Custom OT Lines Forwards
Joel Armia, Hunter Shinkaruk, Lucas Wallmark, Kasper Bjorkqvist, Nolan Vesey, Josh Norris, Pavol Regenda, Carsen Twarynski, Milos Kelemen, Jack Quinn
Custom OT Lines Defensemen
Reilly Walsh, Olli Juolevi, Ian Mitchell, Carl Dahlstrom, Sean Durzi

Scratches
Brandon Coe (Healthy), Ruslan Iskhakov (Healthy), Maxim Groshev (Healthy), Theo Rochette (Healthy), Dylan Peterson (Healthy)
Ty Smilanic (Healthy), Henry Thrun (Healthy), Patrick Moynihan (Healthy), Jack Malone (Healthy), Alexis Gravel (Healthy)

% Time on Ice - Condors

Lines # - Real PCT - Wanted PCT - Time Play
Normal Forward
1 - 35% - 40% - 16:47
2 - 28% - 30% - 13:27
3 - 23% - 20% - 10:57
4 - 14% - 10% - 6:42
Normal Defense
1 - 39% - 40% - 18:53
2 - 34% - 30% - 16:14
3 - 24% - 20% - 11:23
4 - 3% - 10% - 1:23
PP Forward
1 - 54% - 60% - 3:12
2 - 46% - 40% - 2:45
PP Defense
1 - 59% - 60% - 3:31
2 - 41% - 40% - 2:26
PK Forward
1 - 82% - 60% - 5:02
2 - 18% - 40% - 1:08
PK Defense
1 - 70% - 60% - 4:18
2 - 30% - 40% - 1:52
PK3 Forward
1 - 0% - 60%
2 - 0% - 40%
PK3 Defense
1 - 0% - 60%
2 - 0% - 40%
44 Forward
1 - 0% - 60%
2 - 0% - 40%
44 Defense
1 - 0% - 60%
2 - 0% - 40%
Last Minute Offensive  - 0:00
Last Minute Defensive  - 0:00
Total
Forward - 60:00
Defense - 60:00

% Time on Ice - Admirals

Lines # - Real PCT - Wanted PCT - Time Play
Normal Forward
1 - 34% - 40% - 16:26
2 - 30% - 30% - 14:15
3 - 25% - 20% - 11:56
4 - 11% - 10% - 5:16
Normal Defense
1 - 41% - 40% - 19:41
2 - 31% - 30% - 14:40
3 - 20% - 20% - 9:40
4 - 8% - 10% - 3:52
PP Forward
1 - 53% - 60% - 3:15
2 - 47% - 40% - 2:55
PP Defense
1 - 56% - 60% - 3:28
2 - 44% - 40% - 2:42
PK Forward
1 - 75% - 60% - 4:27
2 - 25% - 40% - 1:30
PK Defense
1 - 52% - 60% - 3:05
2 - 48% - 40% - 2:52
PK3 Forward
1 - 0% - 60%
2 - 0% - 40%
PK3 Defense
1 - 0% - 60%
2 - 0% - 40%
44 Forward
1 - 0% - 60%
2 - 0% - 40%
44 Defense
1 - 0% - 60%
2 - 0% - 40%
Last Minute Offensive  - 0:00
Last Minute Defensive  - 0:00
Total
Forward - 60:00
Defense - 60:00

Play-by-Play

1st period


0:01 of 1st period - Joel Armia wins face-off versus Nick Shore in neutral zone.
0:26 of 1st period - Nolan Vesey is hit by Ryan McLeod and loses puck.
0:27 of 1st period - Nolan Vesey from Admirals is injured at 0:27 of 1st period (Upper Body).
0:28 of 1st period - Colin White wins face-off versus Filip Chlapik in Admirals zone.
1:40 of 1st period - Wrist shot by Klim Kostin.
1:40 of 1st period - Stopped by Zachary Emond with a rebound.
1:42 of 1st period - Snap shot by Martin Frk.
1:42 of 1st period - Stopped by Zachary Emond without a rebound.
1:43 of 1st period - Josh Norris wins face-off versus Ryan McLeod in Admirals zone.
1:56 of 1st period - Wrist shot by Kasper Bjorkqvist.
1:56 of 1st period - Shot Misses the Net.
2:08 of 1st period - Evan Bouchard is hit by Olli Juolevi and loses puck.
2:15 of 1st period - Snap shot by Joel Armia.
2:15 of 1st period - Stopped by Stuart Skinner without a rebound.
2:16 of 1st period - Filip Chlapik wins face-off versus Nick Shore in Condors zone.
2:17 of 1st period - Wrist shot by Pavol Regenda.
2:17 of 1st period - Deflect By Filip Chlapik.
2:17 of 1st period - Shot Misses the Net.
2:17 of 1st period - Puck is out of play.
2:18 of 1st period - Nick Shore wins face-off versus Filip Chlapik in Condors zone.
2:25 of 1st period - Slapshot by Martin Frk.
2:25 of 1st period - Stopped by Zachary Emond without a rebound.
2:26 of 1st period - Nick Shore wins face-off versus Filip Chlapik in Admirals zone.
2:27 of 1st period - Backhand shot by Martin Frk.
2:27 of 1st period - Shot Blocked by Tobias Bjornfot.
2:43 of 1st period - Snap shot by Nick Shore.
2:43 of 1st period - Stopped by Zachary Emond with a rebound.
2:45 of 1st period - Slapshot by Michael Anderson.
2:45 of 1st period - Stopped by Zachary Emond with a rebound.
2:47 of 1st period - Snap shot by Klim Kostin.
2:47 of 1st period - Shot Misses the Net.
2:49 of 1st period - Snap shot by Klim Kostin.
2:49 of 1st period - Shot Blocked by Tobias Bjornfot.
2:51 of 1st period - Slapshot by Gustav Olofsson.
2:51 of 1st period - Shot Misses the Net.
2:53 of 1st period - Wrist shot by Martin Frk.
2:53 of 1st period - Goal by Martin Frk - Condors : 1 - Admirals : 0.
2:54 of 1st period - Colin White wins face-off versus Lucas Wallmark in neutral zone.
3:19 of 1st period - Alexander Alexeyev is hit by Kasper Bjorkqvist.
3:32 of 1st period - Michael Anderson is hit by Sean Durzi and loses puck.
3:54 of 1st period - Off-side.
3:55 of 1st period - Hunter Shinkaruk wins face-off versus Nick Shore in neutral zone.
4:12 of 1st period - Snap shot by Nick Shore.
4:12 of 1st period - Shot Blocked by Kasper Bjorkqvist.
4:48 of 1st period - Connor Hurley is hit by Milos Kelemen and loses puck.
5:36 of 1st period - Slapshot by Joel Armia.
5:36 of 1st period - Shot Blocked by Alexander Alexeyev.
6:39 of 1st period - Slapshot by Nick Shore.
6:39 of 1st period - Stopped by Zachary Emond without a rebound.
6:40 of 1st period - Nick Shore wins face-off versus Josh Norris in Admirals zone.
6:41 of 1st period - Snap shot by Martin Frk.
6:41 of 1st period - Deflect By Klim Kostin.
6:41 of 1st period - Goal by Klim Kostin - Condors : 2 - Admirals : 0.
6:42 of 1st period - Nick Shore wins face-off versus Lucas Wallmark in neutral zone.
7:11 of 1st period - Cody Glass is hit by Josh Norris and loses puck.
8:16 of 1st period - Kasper Bjorkqvist is hit by Evan Bouchard and loses puck.
8:27 of 1st period - Wrist shot by Taro Hirose.
8:27 of 1st period - Stopped by Zachary Emond without a rebound.
8:28 of 1st period - Hunter Shinkaruk wins face-off versus Connor Hurley in Admirals zone.
9:17 of 1st period - Connor McMichael is hit by Pavol Regenda and loses puck.
9:43 of 1st period - Off-side.
9:44 of 1st period - Lucas Wallmark wins face-off versus Nick Shore in neutral zone.
10:53 of 1st period - Carl Dahlstrom is hit by Colin White and loses puck.
11:00 of 1st period - Snap shot by Pontus Holmberg.
11:00 of 1st period - Shot Misses the Net.
11:04 of 1st period - Slapshot by Pontus Holmberg.
11:04 of 1st period - Stopped by Zachary Emond with a rebound.
11:36 of 1st period - Wrist shot by Pavol Regenda.
11:36 of 1st period - Stopped by Stuart Skinner with a rebound.
11:40 of 1st period - Slapshot by Olli Juolevi.
11:40 of 1st period - Stopped by Stuart Skinner without a rebound.
11:41 of 1st period - Connor McMichael wins face-off versus Lucas Wallmark in Condors zone.
11:45 of 1st period - Icing by Cody Glass.
11:46 of 1st period - Lucas Wallmark wins face-off versus Ryan McLeod in Condors zone.
11:49 of 1st period - Snap shot by Joel Armia.
11:49 of 1st period - Shot Blocked by Gustav Olofsson.
12:03 of 1st period - Slapshot by Cody Glass.
12:03 of 1st period - Stopped by Zachary Emond with a rebound.
12:17 of 1st period - Wrist shot by Ryan McLeod.
12:17 of 1st period - Shot Misses the Net.
12:19 of 1st period - Slapshot by Gustav Olofsson.
12:19 of 1st period - Shot Blocked by Olli Juolevi.
12:21 of 1st period - Backhand shot by Gustav Olofsson.
12:21 of 1st period - Stopped by Zachary Emond with a rebound.
12:23 of 1st period - Snap shot by Ryan McLeod.
12:23 of 1st period - Deflect By Hunter Shinkaruk.
12:23 of 1st period - Shot Misses the Net.
12:23 of 1st period - Puck is out of play.
12:24 of 1st period - Josh Norris wins face-off versus Nick Shore in Admirals zone.
13:00 of 1st period - Snap shot by Josh Norris.
13:00 of 1st period - Shot Blocked by Alexander Alexeyev.
13:02 of 1st period - Wrist shot by Josh Norris.
13:02 of 1st period - Stopped by Stuart Skinner without a rebound.
13:03 of 1st period - Nick Shore wins face-off versus Lucas Wallmark in Condors zone.
13:08 of 1st period - Snap shot by Nick Shore.
13:08 of 1st period - Stopped by Zachary Emond with a rebound.
13:10 of 1st period - Slapshot by Gustav Olofsson.
13:10 of 1st period - Stopped by Zachary Emond with a rebound.
13:12 of 1st period - Slapshot by Gustav Olofsson.
13:12 of 1st period - Stopped by Zachary Emond with a rebound.
13:14 of 1st period - Slapshot by Gustav Olofsson.
13:14 of 1st period - Stopped by Zachary Emond with a rebound.
13:16 of 1st period - Wrist shot by Klim Kostin.
13:16 of 1st period - Stopped by Zachary Emond with a rebound.
13:18 of 1st period - Slapshot by Michael Anderson.
13:18 of 1st period - Stopped by Zachary Emond without a rebound.
13:19 of 1st period - Ryan McLeod wins face-off versus Lucas Wallmark in Admirals zone.
13:32 of 1st period - Snap shot by Lucas Wallmark.
13:32 of 1st period - Goal by Lucas Wallmark - Condors : 2 - Admirals : 1.
13:33 of 1st period - Nick Shore wins face-off versus Lucas Wallmark in neutral zone.
13:38 of 1st period - Slapshot by Joel Armia.
13:38 of 1st period - Stopped by Stuart Skinner with a rebound.
14:06 of 1st period - Minor Penalty to Alexander Alexeyev for Slashing.
14:07 of 1st period - Lucas Wallmark wins face-off versus Nick Shore in Condors zone.
14:07 of 1st period - Slapshot by Hunter Shinkaruk.
14:07 of 1st period - Shot Misses the Net.
14:09 of 1st period - Slapshot by Hunter Shinkaruk.
14:09 of 1st period - Shot Blocked by Nick Shore.
14:13 of 1st period - Wrist shot by Joel Armia.
14:13 of 1st period - Shot Misses the Net.
14:15 of 1st period - Snap shot by Lucas Wallmark.
14:15 of 1st period - Goal by Lucas Wallmark - Condors : 2 - Admirals : 2.
14:16 of 1st period - Lucas Wallmark wins face-off versus Nick Shore in neutral zone.
14:32 of 1st period - Wrist shot by Martin Frk.
14:32 of 1st period - Stopped by Zachary Emond with a rebound.
14:51 of 1st period - Off-side.
14:52 of 1st period - Lucas Wallmark wins face-off versus Nick Shore in neutral zone.
15:07 of 1st period - Wrist shot by Lucas Wallmark.
15:07 of 1st period - Shot Misses the Net.
15:17 of 1st period - Ian Mitchell is hit by Alexander Alexeyev and loses puck.
15:44 of 1st period - Wrist shot by Jack Quinn.
15:44 of 1st period - Stopped by Stuart Skinner with a rebound.
15:46 of 1st period - Slapshot by Sean Durzi.
15:46 of 1st period - Deflect By Gustav Olofsson.
15:46 of 1st period - Stopped by Stuart Skinner without a rebound.
15:47 of 1st period - Nick Shore wins face-off versus Lucas Wallmark in Condors zone.
15:56 of 1st period - Wrist shot by Nick Shore.
15:56 of 1st period - Shot Misses the Net.
16:35 of 1st period - Slapshot by Pavol Regenda.
16:35 of 1st period - Shot Blocked by Gustav Olofsson.
17:00 of 1st period - Minor Penalty to Taro Hirose for Roughing.
17:01 of 1st period - Lucas Wallmark wins face-off versus Nick Shore in Condors zone.
18:47 of 1st period - Connor McMichael is hit by Reilly Walsh and loses puck.
18:48 of 1st period - Connor McMichael from Condors is injured at 18:48 of 1st period (Right Knee).
18:49 of 1st period - Lucas Wallmark wins face-off versus Nick Shore in Condors zone.
18:56 of 1st period - Snap shot by Lucas Wallmark.
18:56 of 1st period - Goal by Lucas Wallmark - Condors : 2 - Admirals : 3.
18:57 of 1st period - Nick Shore wins face-off versus Lucas Wallmark in neutral zone.
18:59 of 1st period - Minor Penalty to Nick Shore for Cross-checking.
19:00 of 1st period - Taro Hirose wins face-off versus Hunter Shinkaruk in Condors zone.
19:26 of 1st period - Reilly Walsh is hit by Klim Kostin and loses puck.
Goals for this period are 2 for Condors vs 3 for Admirals.
Shots for this period are 19 for Condors vs 10 for Admirals.

2nd period


0:01 of 2nd period - Lucas Wallmark wins face-off versus Taro Hirose in neutral zone.
0:04 of 2nd period - Backhand shot by Reilly Walsh.
0:04 of 2nd period - Deflect By Hunter Shinkaruk.
0:04 of 2nd period - Shot Misses the Net.
0:04 of 2nd period - Puck is out of play.
0:05 of 2nd period - Taro Hirose wins face-off versus Lucas Wallmark in Condors zone.
0:34 of 2nd period - Ryan McLeod is hit by Josh Norris and loses puck.
0:53 of 2nd period - Wrist shot by Dylan Holloway.
0:53 of 2nd period - Shot Blocked by Josh Norris.
0:59 of 2nd period - Penalty to Nick Shore is over, Nick Shore is back on ice.
1:27 of 2nd period - Wrist shot by Lucas Wallmark.
1:27 of 2nd period - Deflect By Joel Armia.
1:27 of 2nd period - Stopped by Stuart Skinner with a rebound.
1:29 of 2nd period - Snap shot by Joel Armia.
1:29 of 2nd period - Stopped by Stuart Skinner without a rebound.
1:30 of 2nd period - Lucas Wallmark wins face-off versus Connor Hurley in Condors zone.
1:37 of 2nd period - Slapshot by Olli Juolevi.
1:37 of 2nd period - Shot Misses the Net.
1:39 of 2nd period - Wrist shot by Joel Armia.
1:39 of 2nd period - Stopped by Stuart Skinner without a rebound.
1:40 of 2nd period - Lucas Wallmark wins face-off versus Martin Frk in Condors zone.
2:10 of 2nd period - Snap shot by Kasper Bjorkqvist.
2:10 of 2nd period - Shot Misses the Net.
2:12 of 2nd period - Wrist shot by Kasper Bjorkqvist.
2:12 of 2nd period - Shot Blocked by Ryan McLeod.
2:28 of 2nd period - Wrist shot by Pavol Regenda.
2:28 of 2nd period - Goal by Pavol Regenda - Condors : 2 - Admirals : 4.
2:28 of 2nd period - Jaxson Stauber enters game.
2:29 of 2nd period - Nick Shore wins face-off versus Lucas Wallmark in neutral zone.
2:58 of 2nd period - Slapshot by Pavol Regenda.
2:58 of 2nd period - Stopped by Jaxson Stauber with a rebound.
3:00 of 2nd period - Snap shot by Filip Chlapik.
3:00 of 2nd period - Shot Misses the Net.
3:02 of 2nd period - Snap shot by Jack Quinn.
3:02 of 2nd period - Stopped by Jaxson Stauber with a rebound.
3:04 of 2nd period - Snap shot by Olli Juolevi.
3:04 of 2nd period - Deflect By Klim Kostin.
3:04 of 2nd period - Stopped by Jaxson Stauber with a rebound.
3:06 of 2nd period - Snap shot by Pavol Regenda.
3:06 of 2nd period - Stopped by Jaxson Stauber without a rebound.
3:07 of 2nd period - Lucas Wallmark wins face-off versus Colin White in Condors zone.
3:15 of 2nd period - Minor Penalty to Dylan Holloway for Roughing.
3:16 of 2nd period - Lucas Wallmark wins face-off versus Nick Shore in Condors zone.
3:16 of 2nd period - Slapshot by Olli Juolevi.
3:16 of 2nd period - Shot Blocked by Nick Shore.
3:18 of 2nd period - Slapshot by Reilly Walsh.
3:18 of 2nd period - Shot Blocked by Alexander Alexeyev.
3:20 of 2nd period - Slapshot by Hunter Shinkaruk.
3:20 of 2nd period - Stopped by Jaxson Stauber with a rebound.
3:22 of 2nd period - Slapshot by Reilly Walsh.
3:22 of 2nd period - Goal by Reilly Walsh - Condors : 2 - Admirals : 5.
3:23 of 2nd period - Nick Shore wins face-off versus Lucas Wallmark in neutral zone.
3:56 of 2nd period - Snap shot by Pontus Holmberg.
3:56 of 2nd period - Shot Misses the Net.
4:32 of 2nd period - Snap shot by Lucas Wallmark.
4:32 of 2nd period - Shot Blocked by Colin White.
4:34 of 2nd period - Snap shot by Hunter Shinkaruk.
4:34 of 2nd period - Stopped by Jaxson Stauber without a rebound.
4:35 of 2nd period - Josh Norris wins face-off versus Nick Shore in Condors zone.
5:06 of 2nd period - Minor Penalty to Taro Hirose for Hooking.
5:07 of 2nd period - Josh Norris wins face-off versus Nick Shore in Condors zone.
5:22 of 2nd period - Snap shot by Reilly Walsh.
5:22 of 2nd period - Stopped by Jaxson Stauber without a rebound.
5:23 of 2nd period - Nick Shore wins face-off versus Lucas Wallmark in Condors zone.
5:47 of 2nd period - Icing by Ian Mitchell.
5:48 of 2nd period - Ryan McLeod wins face-off versus Josh Norris in Admirals zone.
5:55 of 2nd period - Wrist shot by Ryan McLeod.
5:55 of 2nd period - Stopped by Zachary Emond with a rebound.
6:03 of 2nd period - Snap shot by Carl Dahlstrom.
6:03 of 2nd period - Deflect By Josh Norris.
6:03 of 2nd period - Stopped by Jaxson Stauber with a rebound.
6:13 of 2nd period - Reilly Walsh is hit by Michael Anderson and loses puck.
7:06 of 2nd period - Penalty to Taro Hirose is over, Taro Hirose is back on ice.
7:08 of 2nd period - Alexander Alexeyev is hit by Kasper Bjorkqvist and loses puck.
8:19 of 2nd period - Ryan McLeod is hit by Milos Kelemen and loses puck.
8:36 of 2nd period - Olli Juolevi is hit by Gustav Olofsson and loses puck.
9:33 of 2nd period - Kasper Bjorkqvist is hit by Taro Hirose and loses puck.
11:10 of 2nd period - Michael Anderson is hit by Ian Mitchell and loses puck.
13:36 of 2nd period - Minor Penalty to Filip Chlapik for Holding.
13:37 of 2nd period - Joel Armia wins face-off versus Nick Shore in Admirals zone.
14:37 of 2nd period - Off-side.
14:38 of 2nd period - Ryan McLeod wins face-off versus Lucas Wallmark in neutral zone.
14:41 of 2nd period - Slapshot by Evan Bouchard.
14:41 of 2nd period - Stopped by Zachary Emond with a rebound.
15:04 of 2nd period - Hunter Shinkaruk is hit by Nick Shore and loses puck.
15:21 of 2nd period - Wrist shot by Taro Hirose.
15:21 of 2nd period - Shot Blocked by Reilly Walsh.
15:36 of 2nd period - Penalty to Filip Chlapik is over, Filip Chlapik is back on ice.
15:51 of 2nd period - Snap shot by Colin White.
15:51 of 2nd period - Deflect By Kasper Bjorkqvist.
15:51 of 2nd period - Shot Misses the Net.
15:51 of 2nd period - Puck is out of play.
15:52 of 2nd period - Dylan Holloway wins face-off versus Josh Norris in Admirals zone.
16:01 of 2nd period - Slapshot by Carl Dahlstrom.
16:01 of 2nd period - Deflect By Milos Kelemen.
16:01 of 2nd period - Stopped by Jaxson Stauber without a rebound.
16:02 of 2nd period - Lucas Wallmark wins face-off versus Colin White in Condors zone.
16:16 of 2nd period - Slapshot by Alexander Alexeyev.
16:16 of 2nd period - Stopped by Zachary Emond without a rebound.
16:17 of 2nd period - Nick Shore wins face-off versus Josh Norris in Admirals zone.
16:20 of 2nd period - Wrist shot by Nick Shore.
16:20 of 2nd period - Shot Misses the Net.
16:42 of 2nd period - Joel Armia is hit by Cody Glass and loses puck.
17:58 of 2nd period - Minor Penalty to Filip Chlapik for Tripping.
17:59 of 2nd period - Joel Armia wins face-off versus Nick Shore in Admirals zone.
18:30 of 2nd period - Snap shot by Nick Shore.
18:30 of 2nd period - Shot Misses the Net.
18:55 of 2nd period - Reilly Walsh is hit by Ryan McLeod and loses puck.
19:58 of 2nd period - Penalty to Filip Chlapik is over, Filip Chlapik is back on ice.
Goals for this period are 0 for Condors vs 2 for Admirals.
Shots for this period are 3 for Condors vs 14 for Admirals.

3rd period


0:01 of 3rd period - Hunter Shinkaruk wins face-off versus Nick Shore in neutral zone.
0:32 of 3rd period - Milos Kelemen is hit by Ryan McLeod and loses puck.
0:46 of 3rd period - Minor Penalty to Ian Mitchell for Goalie Interference.
0:47 of 3rd period - Hunter Shinkaruk wins face-off versus Nick Shore in Admirals zone.
2:14 of 3rd period - Klim Kostin is hit by Josh Norris and loses puck.
2:46 of 3rd period - Penalty to Ian Mitchell is over, Ian Mitchell is back on ice.
3:13 of 3rd period - Ian Mitchell is hit by Pontus Holmberg and loses puck.
3:34 of 3rd period - Slapshot by Olli Juolevi.
3:34 of 3rd period - Stopped by Jaxson Stauber with a rebound.
5:20 of 3rd period - Alexander Alexeyev is hit by Josh Norris and loses puck.
5:55 of 3rd period - Slapshot by Ian Mitchell.
5:55 of 3rd period - Stopped by Jaxson Stauber with a rebound.
5:57 of 3rd period - Wrist shot by Milos Kelemen.
5:57 of 3rd period - Stopped by Jaxson Stauber with a rebound.
8:32 of 3rd period - Michael Anderson is hit by Kasper Bjorkqvist and loses puck.
9:13 of 3rd period - Cody Glass is hit by Lucas Wallmark and loses puck.
9:44 of 3rd period - Snap shot by Jack Quinn.
9:44 of 3rd period - Deflect By Filip Chlapik.
9:44 of 3rd period - Stopped by Jaxson Stauber without a rebound.
9:45 of 3rd period - Jack Quinn wins face-off versus Colin White in Condors zone.
9:50 of 3rd period - Slapshot by Pavol Regenda.
9:50 of 3rd period - Shot Misses the Net.
10:24 of 3rd period - Snap shot by Kasper Bjorkqvist.
10:24 of 3rd period - Stopped by Jaxson Stauber without a rebound.
10:25 of 3rd period - Connor Hurley wins face-off versus Josh Norris in Condors zone.
10:30 of 3rd period - Wrist shot by Tyson Foerster.
10:30 of 3rd period - Stopped by Zachary Emond with a rebound.
10:32 of 3rd period - Wrist shot by Connor Hurley.
10:32 of 3rd period - Shot Misses the Net.
10:34 of 3rd period - Wrist shot by Tyson Foerster.
10:34 of 3rd period - Deflect By Connor Hurley.
10:34 of 3rd period - Shot Blocked by Kasper Bjorkqvist.
10:34 of 3rd period - Puck is out of play.
10:35 of 3rd period - Nick Shore wins face-off versus Lucas Wallmark in Admirals zone.
11:02 of 3rd period - Cody Glass is hit by Kasper Bjorkqvist.
11:20 of 3rd period - Wrist shot by Kasper Bjorkqvist.
11:20 of 3rd period - Shot Misses the Net.
11:40 of 3rd period - Joel Armia is hit by Klim Kostin and loses puck.
12:16 of 3rd period - Snap shot by Dylan Holloway.
12:16 of 3rd period - Stopped by Zachary Emond with a rebound.
12:42 of 3rd period - Snap shot by Taro Hirose.
12:42 of 3rd period - Stopped by Zachary Emond without a rebound.
12:43 of 3rd period - Josh Norris wins face-off versus Ryan McLeod in Admirals zone.
12:47 of 3rd period - Off-side.
12:48 of 3rd period - Nick Shore wins face-off versus Josh Norris in neutral zone.
13:44 of 3rd period - Snap shot by Olli Juolevi.
13:44 of 3rd period - Shot Misses the Net.
13:46 of 3rd period - Backhand shot by Olli Juolevi.
13:46 of 3rd period - Shot Blocked by Dylan Holloway.
13:48 of 3rd period - Wrist shot by Jack Quinn.
13:48 of 3rd period - Stopped by Jaxson Stauber without a rebound.
13:49 of 3rd period - Nick Shore wins face-off versus Josh Norris in Condors zone.
14:21 of 3rd period - Snap shot by Cody Glass.
14:21 of 3rd period - Deflect By Ryan McLeod.
14:21 of 3rd period - Stopped by Zachary Emond with a rebound.
14:37 of 3rd period - Carl Dahlstrom is hit by Gustav Olofsson.
14:43 of 3rd period - Snap shot by Pavol Regenda.
14:43 of 3rd period - Stopped by Jaxson Stauber without a rebound.
14:44 of 3rd period - Martin Frk wins face-off versus Lucas Wallmark in Condors zone.
14:58 of 3rd period - Wrist shot by Klim Kostin.
14:58 of 3rd period - Stopped by Zachary Emond without a rebound.
14:59 of 3rd period - Josh Norris wins face-off versus Nick Shore in Admirals zone.
15:06 of 3rd period - Slapshot by Olli Juolevi.
15:06 of 3rd period - Deflect By Kasper Bjorkqvist.
15:06 of 3rd period - Deflect By Klim Kostin.
15:06 of 3rd period - Goal by Kasper Bjorkqvist - Condors : 2 - Admirals : 6.
15:07 of 3rd period - Lucas Wallmark wins face-off versus Nick Shore in neutral zone.
15:15 of 3rd period - Icing by Martin Frk.
15:16 of 3rd period - Nick Shore wins face-off versus Lucas Wallmark in Condors zone.
15:27 of 3rd period - Reilly Walsh is hit by Evan Bouchard and loses puck.
15:50 of 3rd period - Snap shot by Nick Shore.
15:50 of 3rd period - Shot Blocked by Lucas Wallmark.
15:52 of 3rd period - Wrist shot by Martin Frk.
15:52 of 3rd period - Shot Misses the Net.
15:54 of 3rd period - Wrist shot by Klim Kostin.
15:54 of 3rd period - Shot Misses the Net.
16:00 of 3rd period - Snap shot by Klim Kostin.
16:00 of 3rd period - Shot Misses the Net.
16:02 of 3rd period - Slapshot by Evan Bouchard.
16:02 of 3rd period - Shot Misses the Net.
16:04 of 3rd period - Slapshot by Alexander Alexeyev.
16:04 of 3rd period - Goal by Alexander Alexeyev - Condors : 3 - Admirals : 6.
16:05 of 3rd period - Josh Norris wins face-off versus Ryan McLeod in neutral zone.
16:05 of 3rd period - Ian Mitchell is hit by Taro Hirose and loses puck.
16:59 of 3rd period - Wrist shot by Nick Shore.
16:59 of 3rd period - Shot Blocked by Hunter Shinkaruk.
17:15 of 3rd period - Nick Shore is hit by Olli Juolevi and loses puck.
18:02 of 3rd period - Snap shot by Pavol Regenda.
18:02 of 3rd period - Shot Misses the Net.
18:41 of 3rd period - Icing by Alexander Alexeyev.
18:42 of 3rd period - Connor Hurley wins face-off versus Filip Chlapik in Condors zone.
18:53 of 3rd period - Slapshot by Ryan McLeod.
18:53 of 3rd period - Shot Blocked by Jack Quinn.
19:09 of 3rd period - Slapshot by Carl Dahlstrom.
19:09 of 3rd period - Stopped by Jaxson Stauber with a rebound.
19:19 of 3rd period - Backhand shot by Jordan Spence.
19:19 of 3rd period - Shot Misses the Net.
19:29 of 3rd period - Milos Kelemen is hit by Nick Shore and loses puck.
19:50 of 3rd period - Slapshot by Joel Armia.
19:50 of 3rd period - Shot Blocked by Gustav Olofsson.
19:52 of 3rd period - Slapshot by Ian Mitchell.
19:52 of 3rd period - Stopped by Jaxson Stauber without a rebound.
19:53 of 3rd period - Lucas Wallmark wins face-off versus Martin Frk in Condors zone.
Goals for this period are 1 for Condors vs 1 for Admirals.
Shots for this period are 6 for Condors vs 10 for Admirals. Output by the SimonT Hockey Simulator (STHS) for Francois Prevost - Original Page W3C HTML5 Valid
Hockey Simulator - Hockey Simulation - Hockey Manager